 Dungeon Crawl Stone Soup version 0.29.0-5-ge4962eb29e (webtiles) character file.

Game seed: 2276594863852871181

31 ImASeal the Gusty (level 2, -10/20 HPs)
             Began as a Demigod Air Elementalist on Aug 28, 2022.
             Mangled by a gnoll
             ... wielding a +0 flail
              (13 damage)
             ... on level 2 of the Dungeon.
             The game lasted 00:08:52 (1532 turns).

ImASeal the Gusty (Demigod Air Elementalist)        Turns: 1532, Time: 00:08:53

Health: -10/20     AC:  2    Str:  9    XL:     2   Next: 90%
Magic:  6/7        EV: 12    Int: 17    God:
Gold:   72         SH:  0    Dex: 14    Spells: 4/5 levels left

rFire   . . .      SeeInvis .   i - +0 dagger
rCold   . . .      Faith    .   (no shield)
rNeg    . . .      Spirit   .   a - +0 robe
rPois   .          Reflect  .   (no helmet)
rElec   .          Harm     .   (no cloak)
rCorr   .          Rampage  .   (no gloves)
Will    .....                   (no boots)
Stlth   ++........              (no amulet)
HPRegen 0.06/turn               (no ring)
MPRegen 0.10/turn               (no ring)

@: no status effects
A: high MP 1, forlorn, divine attributes
a: no special abilities


You were on level 2 of the Dungeon.
You visited 1 branch of the dungeon, and saw 2 of its levels.

You collected 72 gold pieces.

Inventory:

Hand Weapons
 i - a +0 dagger (weapon)
Armour
 a - a +0 robe (worn)
Scrolls
 c - a scroll of fog
 d - a scroll of brand weapon {unknown}
 e - 3 scrolls of identify
 f - a scroll of teleportation
 g - a scroll of noise
 j - a scroll of silence {unknown}
 k - 2 scrolls of vulnerability {unknown}
Potions
 b - a potion of magic
 h - a potion of curing {unknown}


   Skills:
 + Level 1.9 Dodging
 + Level 2.0 Stealth
 + Level 2.2 Spellcasting
 + Level 1.1 Conjurations
 + Level 3.2 Air Magic


You had 4 spell levels left.
You knew the following spells:

 Your Spells              Type           Power      Damage    Failure   Level
a - Shock                 Conj/Air       36%        1d5       8%          1

Your spell library contained the following spells:

 Spells                   Type           Power      Damage    Failure   Level
 Static Discharge         Conj/Air       9%         3-5/arc   12%         2
 Swiftness                Air            12%        N/A       16%         3
 Airstrike                Air            6%         2d(1-17)  45%         4
 Ozocubu's Armour         Ice            1%         N/A       50%         3
 Ozocubu's Refrigeration  Ice            0%         4d7       100%        7


Dungeon Overview and Level Annotations

Branches:
Dungeon (2/15)

Annotations:
D:2 Terence


Innate Abilities, Weirdness & Mutations

You have an increased reservoir of magic. (+10% MP)
You shall have no god before yourself.
Your divine heritage dramatically boosts your attributes as you level up.


Message History

Casting: Shock (safe; 8% risk of failure)
Confirm with . or Enter, or press ? or * to list all spells.
Aiming: Shock (safe; 8% risk of failure)
Press: ? - help, Shift-Dir - straight line, f/p - gnoll
Aim: a gnoll, wielding a +0 spear (moderately wounded, 72% to hit)
The zap misses the gnoll.
Casting: Shock (safe; 8% risk of failure)
Confirm with . or Enter, or press ? or * to list all spells.
Aiming: Shock (safe; 8% risk of failure)
Press: ? - help, Shift-Dir - straight line, f - gnoll, p - gnoll
Aim: a gnoll, wielding a +0 spear (72% to hit)
You miscast Shock.
You are very lightly contaminated with residual magic.
Nothing appears to happen.
Casting: Shock (safe; 8% risk of failure)
Confirm with . or Enter, or press ? or * to list all spells.
Aiming: Shock (safe; 8% risk of failure)
Press: ? - help, Shift-Dir - straight line, f/p - gnoll
Aim: a gnoll, wielding a +0 spear (72% to hit)
The zap hits the gnoll.
The gnoll is moderately wounded.
The zap misses the gnoll. x2
Your magical contamination has completely faded away.
There is an open door here.
There is a stone staircase leading down here.
The gnoll attacks as you move away! The gnoll hits you with a +0 flail.
Casting: Shock (safe; 8% risk of failure)
Confirm with . or Enter, or press ? or * to list all spells.
Aiming: Shock (safe; 8% risk of failure)
Press: ? - help, Shift-Dir - straight line, f - gnoll
Aim: a gnoll, wielding a +0 flail (moderately wounded, 72% to hit)
The zap hits the gnoll.
The gnoll is severely wounded.
The gnoll completely misses you. The gnoll attacks as you move away!
The gnoll hits you with a +0 flail!
* * * LOW HITPOINT WARNING * * *
The gnoll attacks as you move away! The gnoll barely misses you.
The gnoll attacks as you move away! The gnoll hits you with a +0 flail!
Ouch! That really hurt!
You die...

#.........##...## #... #..>....##
. #...####.g###.# . #.....##..#
#.# . #........###+## .#####
#.##.###.##...## .....####
#.##.###.#.....## ........#
#....g.g.....<..## #
.@##.##.#####...@###.........####
...................'.........g..g
..####''#####....###.........####
..#≈≈≈..≈≈≈###.#.# ##.......## #
#.#≈......≈# ###.# ##.....##
#g#≈.♣##♣.≈# ###.# ##...## #g#≈.#
#.≈# #...# ##+## ..#≈.# #.≈#
#.### #.######## #g#≈.♣##♣.≈# #.#
#.##.....#


You could see 2 gnolls.

Vanquished Creatures
  An adder (D:2)
  A dart slug (D:1)
  A ball python (D:2)
  5 bats
  4 endoplasms (D:1)
  2 giant cockroaches
  A goblin (D:1)
  2 frilled lizards (D:1)
  2 rats
19 creatures vanquished.

Notes
Turn   | Place    | Note
-------+----------+-------------------------------------------
     0 | D:1      | ImASeal the Demigod Air Elementalist began the quest for
                  | the Orb.
     0 | D:1      | Reached XP level 1. HP: 14/14 MP: 5/5
   582 | D:1      | Reached XP level 2. HP: 20/20 MP: 5/7
   612 | D:1      | Reached skill level 3 in Air Magic
   673 | D:1      | Reached skill level 1 in Conjurations
  1460 | D:2      | Noticed Terence
  1532 | D:2      | Mangled by a gnoll

Illustrated notes

Levels and vault maps discovered:
D:1:      evilmike_arrival_rings, layout_basic, due_unseen_surprise
D:2:      layout_loops_corners, basic_altar, kennysheep_generic_room_6,
          uniq_terence

Skill      XL: |  1  2 |
---------------+-------+-----
Spellcasting   | 2 |  2.2
Stealth        | 2 |  2.0
Air Magic      | 3 |  3.2
Conjurations   | 1 |  1.1
Dodging        | |  1.9

Action                   || total
-------------------------++-------
 Cast: Shock             ||    43
  Use: Scroll            ||     3
Armor: Robe              ||     3
Dodge: Dodged            ||    12
